 Dungeon Crawl Stone Soup version 0.28.0-53-g5a82cb258f (webtiles) character file.

Game seed: 668998818702086256

483 ILmort the Chopper (level 6, -4/47 HPs)
             Began as a Demonspawn Fighter on Aug 15, 2022.
             Was an Initiate of Nemelex Xobeh.
             Slain by a wyvern zombie (5 damage)
             ... on level 4 of the Dungeon.
             The game lasted 00:11:20 (4658 turns).

ILmort the Chopper (Demonspawn Fighter)             Turns: 4658, Time: 00:11:20

Health: -4/47      AC:  8    Str: 19    XL:     6   Next: 88%
Magic:  6/6        EV: 10    Int: 15    God:    Nemelex Xobeh [......]
Gold:   208        SH:  8    Dex: 12    Spells: 5/5 levels left

rFire   . . .      SeeInvis .   a - +0 war axe
rCold   . . .      Faith    .   c - +0 buckler
rNeg    . . .      Spirit   .   v - +3 leather armour
rPois   .          Reflect  .   (no helmet)
rElec   .          Harm     .   p - +0 cloak
rCorr   .          Rampage  .   l - +0 pair of gloves
Will    .....                   (no boots)
Stlth   +.........              (no amulet)
HPRegen 0.15/turn               h - +6 ring of intelligence
MPRegen 0.10/turn               (no ring)

@: no status effects
A: large bone plates 1
a: Renounce Religion, Draw Escape, Draw Destruction, Draw Summoning


You were on level 4 of the Dungeon.
You worshipped Nemelex Xobeh.
Nemelex Xobeh was noncommittal.
You visited 2 branches of the dungeon, and saw 5 of its levels.

You collected 208 gold pieces.

Inventory:

Hand Weapons
 a - a +0 war axe (weapon)
Armour
 b - a +0 scale mail
 c - a +0 buckler (worn)
 l - a +0 pair of gloves (worn)
 p - a +0 cloak (worn)
 r - a scarf of resistance
 v - a +3 leather armour (worn)
Jewellery
 h - a +6 ring of intelligence (left hand)
Wands
 s - a wand of digging (4)
 u - a wand of polymorph (8)
Scrolls
 e - a scroll of acquirement {unknown}
 f - 6 scrolls of identify {unknown}
 g - a scroll of magic mapping {unknown}
 i - 6 scrolls of teleportation {unknown}
 n - a scroll of immolation {unknown}
 q - a scroll of blinking {unknown}
 w - a scroll of summoning {unknown}
Potions
 d - 3 potions of might
 j - a potion of degeneration {unknown}
 k - a potion of ambrosia {unknown}
 m - 2 potions of heal wounds {unknown}
 o - 2 potions of cancellation {unknown}
 t - 2 potions of haste {unknown}


   Skills:
 + Level 3.4 Fighting
 + Level 6.6 Axes
 - Level 2.6 Armour
 - Level 2.6 Shields
 * Level 0.0 Invocations


You had 5 spell levels left.
You didn't know any spells.
Your spell library contained the following spells:

 Spells                   Type           Power      Damage    Failure   Level
 Magic Dart               Conj           0%         1d3       38%         1
 Call Imp                 Summ           0%         N/A       54%         2
 Mephitic Cloud           Conj/Pois/Air  0%         N/A       77%         3
 Stone Arrow              Conj/Erth      0%         3d7       77%         3
 Tukima's Dance           Hex            0%         N/A       77%         3
 Anguish                  Hex/Necr       0%         N/A       99%         4
 Animate Armour           Summ/Erth      0%         N/A       99%         4
 Enfeeble                 Hex            0%         N/A       100%        7
 Lehudib's Crystal Spear  Conj/Erth      0%         10d2      100%        8


Dungeon Overview and Level Annotations

Branches:
Dungeon (4/15)             Temple (1/1) D:4

Altars:
Cheibriados
Dithmenos
Elyvilon
Fedhas
Gozag
Kikubaaqudgha
Nemelex Xobeh
Okawaru
Qazlal
Ru
Sif Muna
Trog
Uskayaw
Vehumet
Xom


Innate Abilities, Weirdness & Mutations

You are partially covered in large bone plates. (SH +4)


Message History

Partly explored, can't reach some places.
Partly explored, can't reach some places.
There is an iron altar of Okawaru here.
There is a sparkling altar of Nemelex Xobeh here.
There is a staircase back to the Dungeon here.
You climb upwards.
Welcome back to the Dungeon!
There is a staircase to the Ecumenical Temple here.
Found a quarterstaff.
Found a sacrificial altar of Ru.
Found a lajatang.
Found 6 bolts.
You see here 6 bolts.
Found 3 boomerangs.
Found a dagger.
You see here a +0 dagger.
You see here a +0 dagger.
You see here 3 boomerangs.
Found a stone staircase leading down.
You now have 208 gold pieces (gained 17).
A wyvern zombie comes into view.
You block the wyvern zombie's attack.
You hit the wyvern zombie. The wyvern zombie bites you.
You hit the wyvern zombie. The wyvern zombie bites you!
The wyvern zombie barely misses you.
You slash the wyvern zombie! The wyvern zombie bites you.
You hit the wyvern zombie but do no damage.
The wyvern zombie barely misses you.
The wyvern zombie bites you but does no damage.
You hit the wyvern zombie. The wyvern zombie bites you!
You hit the wyvern zombie but do no damage.
You block the wyvern zombie's attack. x2
You barely miss the wyvern zombie. The wyvern zombie bites you!
You barely miss the wyvern zombie. The wyvern zombie barely misses you.
The wyvern zombie bites you.
* * * LOW HITPOINT WARNING * * *
You hit the wyvern zombie but do no damage.
The wyvern zombie bites you!
* * * LOW HITPOINT WARNING * * *
The wyvern zombie bites you.
You die...
Your body disappears without a glow.

..#######
..Z.....#
#Z# #@#
#.# #.#
#.# #.#
###.#####
+
#.......#
..
#.#.###.#
...
##.#.#


You could see a wyvern zombie.

Vanquished Creatures
  Blork the orc (D:4)
  A scorpion (D:4)
  A water moccasin skeleton (D:2)
  A howler monkey (D:4)
  A bullfrog skeleton (D:3)
  2 iguanas
  Ijyb (D:3)
  2 orc wizards (D:4)
  A hound skeleton (D:3)
  4 adders
  4 orcs
  3 bats
  8 endoplasms
  3 giant cockroaches
  6 goblins
  7 hobgoblins
  3 jackals (D:3)
  4 quokkas (D:3)
  10 ball pythons
  4 frilled lizards
  5 kobolds
  2 rats
74 creatures vanquished.

Notes
Turn   | Place    | Note
-------+----------+-------------------------------------------
     0 | D:1      | ILmort the Demonspawn Fighter began the quest for the Orb.
     0 | D:1      | Reached XP level 1. HP: 18/18 MP: 1/1
   281 | D:1      | Reached skill level 2 in Axes
   310 | D:1      | Found a faded altar of an unknown god.
   428 | D:1      | Gained mutation: You are partially covered in large bone
                  | plates. (SH +4) [demonic ancestry]
   428 | D:1      | Reached XP level 2. HP: 24/24 MP: 2/2
   861 | D:1      | Found a bloodstained altar of Trog.
   939 | D:2      | Reached skill level 3 in Axes
   939 | D:2      | Reached XP level 3. HP: 13/29 MP: 3/3
  1073 | D:2      | Reached skill level 4 in Axes
  1073 | D:2      | Reached XP level 4. HP: 22/35 MP: 4/4
  2496 | D:3      | Noticed Ijyb
  2513 | D:3      | Killed Ijyb
  2567 | D:3      | Reached skill level 5 in Axes
  2567 | D:3      | Reached XP level 5. HP: 33/41 MP: 5/5
  3258 | D:3      | Found a stormy altar of Qazlal.
  3686 | D:4      | Reached XP level 6. HP: 44/47 MP: 6/6
  3702 | D:4      | Reached skill level 6 in Axes
  3961 | D:4      | Noticed Blork the orc
  3979 | D:4      | Killed Blork the orc
  4128 | D:4      | Found a staircase to the Ecumenical Temple.
  4139 | Temple   | Entered the Ecumenical Temple
  4294 | Temple   | Became a worshipper of Nemelex Xobeh the Trickster
  4432 | D:4      | Found a sacrificial altar of Ru.
  4658 | D:4      | HP: 1/47 [wyvern zombie (11)]
  4658 | D:4      | Slain by a wyvern zombie

Illustrated notes

Levels and vault maps discovered:
D:1:      dpeg_arrival_lava_altar, layout_loops_ring,
          ebering_ecumenical_altar_sacrificial,
          nicolae_concentric_dashed_squares_wild, hangedman_decor_push,
          minmay_misc_feat_plants, kennysheep_flooded_box
D:2:      layout_basic
D:3:      minmay_chambers_of_twos, layout_loops_cross,
          nicolae_qazlal_eye_of_the_storm, grunt_decor_mini_mirrors,
          minmay_misc_feat_doors, wad_rectangle_vault, uniq_ijyb
D:4:      layout_loops_corners, mainiacjoe_overflow_paths,
          minmay_temple_entry_grid, roderic_lattice_a, hex_medium,
          uniq_blork_the_orc, uniq_robin
Temple:   oiseaux_autumnal_temple

Skill      XL: |  1  2  3  4  5  6 |
---------------+-------------------+-----
Axes           | 2 3 4 5 6 |  6.6
Fighting       | |  3.4
Armour         | |  2.6
Shields        | |  2.6

Action                   |  1- 3 |  4- 6 || total
-------------------------+-------+-------++-------
Melee: War axe           |    42 |   230 ||   272
Armor: Scale mail        |     9 |    66 ||    75
       Leather armour    |       |     2 ||     2
Dodge: Dodged            |    12 |    89 ||   101
Block: Buckler           |    19 |    98 ||   117
